 Dungeon Crawl Stone Soup version 0.17-a0-744-gaa96792 (console) character file.

778 Fusha the Charlatan (level 7, -8/52 HPs)
             Began as a Mummy Artificer on Apr 21, 2015.
             Was an Initiate of Gozag.
             Killed themself with a badly aimed fireball (22 damage)
             ... on level 5 of the Dungeon.
             The game lasted 00:26:20 (6457 turns).

Fusha the Charlatan (Mummy Artificer)               Turns: 6457, Time: 00:26:26

Health: -8/52      AC:  6    Str: 16    XL:     7   Next: 54%
Magic:  10/10      EV: 13    Int: 11    God:    Gozag
Gold:   425        SH:  0    Dex: 13    Spells: 0 memorised, 6 levels left

rFire  x . .     SeeInvis .     t - +1 trident (venom)
rCold  + + .     Clarity  .     o - +2 robe {rC+}
rNeg   + + +     SustAb   .     (no shield)
rPois  ∞         Gourm    .     (no helmet)
rElec  .         Spirit   .     (no cloak)
rCorr  .         Warding  .     (no gloves)
rMut   .         Stasis   .     (no boots)
MR     .....                    (no amulet)
Stlth  ++........               m - +2 ring of protection
                                k - ring of flight

@: not resistant to hostile enchantments, unstealthy
A: no food or potions, fire vulnerability, cold resistance 1, negative energy
resistance 3, torment resistance, unbreathing
a: Potion Petition, Call Merchant, Bribe Branch, Renounce Religion, Evoke Flight


You were on level 5 of the Dungeon.
You worshipped Gozag.
Gozag was noncommittal.
You were not hungry.

You visited 1 branch of the dungeon, and saw 5 of its levels.

You collected 537 gold pieces.
You paid 112 gold pieces to Gozag.

Inventory:

Hand weapons
 a - a +0 short sword
 q - a -1 dagger
 t - a +1 trident of venom (weapon)
Armour
 e - a cursed +0 leather armour
 o - a +2 robe of cold resistance (worn)
 s - a +0 robe of fire resistance
 w - a +1 leather armour of cold resistance
Jewellery
 k - a ring of flight (left hand)
 m - a +2 ring of protection (right hand)
Magical devices
 b - a wand of flame (0)
 c - a wand of enslavement (15)
 d - a wand of random effects (4)
 n - a wand of frost (0)
 p - a wand of random effects (31)
Scrolls
 f - a scroll of blinking {unknown}
 g - a scroll of magic mapping {unknown}
 h - 3 scrolls of remove curse
 i - 3 scrolls of enchant weapon {unknown}
 j - 2 scrolls of enchant armour {unknown}
 l - a scroll of recharging {unknown}
 r - 2 scrolls of noise {unknown}
 v - 3 scrolls of identify {unknown}
Books
 u - a book of Cantrips

   Spells                             Type                      Level
   a - Corona                         Hexes                        1
   b - Animate Skeleton               Necromancy                   1
   c - Summon Small Mammal            Summoning                    1
   d - Apportation                    Translocation                1


   Skills:
 + Level 3.4 Fighting
 + Level 2.7 Short Blades
 + Level 3.2 Dodging
 + Level 2.8 Stealth
 * Level 4.8 Evocations


You had 6 spell levels left.
You didn't know any spells.

Dungeon Overview and Level Annotations

Branches:
Dungeon (5/15)             Temple (0/1) D:4

Altars:
Cheibriados
Elyvilon
Gozag
Okawaru
Ru
Sif Muna
Trog
Vehumet


Innate Abilities, Weirdness & Mutations

You do not eat or drink.
Your flesh is vulnerable to fire.
You are immune to poison.
Your flesh is cold resistant.
You are immune to negative energy.
You are immune to unholy pain and torment.
You can survive without breathing.


Message History

* * * LOW HITPOINT WARNING * * *
Evoke which item? (* to show all) (? for menu, Esc to quit)
Zapping:
d - a wand of random effects (5)
Press: ? - help, Shift-Dir - straight line, f/p - Menkaure
Aim: Menkaure (heavily damaged, fast)
The puff of frost hits Menkaure.
Menkaure resists.
Menkaure is heavily damaged.
This wand has 4 charges left.
Menkaure barely misses you.
Evoke which item? (* to show all) (? for menu, Esc to quit)
Zapping:
d - a wand of random effects (4)
Press: ? - help, Shift-Dir - straight line, f/p - Menkaure
Aim: Menkaure (heavily damaged, fast)
The fireball explodes!
The fireball engulfs Menkaure.
Menkaure is burned terribly!
You destroy Menkaure!
You feel nervous for a moment...
Your +0 leather armour glows black for a moment.
The fireball engulfs you! The fire burns you terribly!
You die...
Your body crumbles into a pile of gold.

#.....P.P
#........ $ $
###......#
.......#
###.###.....#
........<...#
...####.....# .
#.....######....#
#####..@$Y5.....#
######..#...#
.<.$ #?.. ..


You could see an ice beast and a crimson imp.

Vanquished Creatures
  The ghost of xeno23 the Chiller, an average MfIE (D:4)
  Menkaure (D:5)
  A phantom (D:4)
  A centaur (D:4)
  An orc priest (D:4)
  A hound (D:4)
  3 worker ants (D:4)
  Natasha (thrice) (D:2)
  An adder (D:3)
  2 oozes (D:2)
  7 worms
  6 orcs (D:4)
  2 ball pythons
  3 giant cockroaches
  8 goblins
  12 hobgoblins
  9 kobolds
  7 bats
  5 giant geckos
  4 giant newts
  9 jackals
  A quokka (D:3)
  15 rats
103 creatures vanquished.

Notes
Turn   | Place    | Note
--------------------------------------------------------------
     0 | D:1      | Fusha, the Mummy Artificer, began the quest for the Orb.
     0 | D:1      | Reached XP level 1. HP: 15/15 MP: 2/2
   455 | D:1      | Reached skill level 1 in Short Blades
   490 | D:1      | Reached XP level 2. HP: 21/21 MP: 3/3
  1622 | D:1      | Reached skill level 1 in Stealth
  1976 | D:2      | Noticed Natasha
  1979 | D:2      | Killed Natasha
  1979 | D:2      | Reached skill level 3 in Evocations
  1979 | D:2      | Reached XP level 3. HP: 25/27 MP: 5/5
  1979 | D:2      | Noticed Natasha
  1991 | D:2      | Killed Natasha
  2425 | D:2      | Noticed Sigmund
  2573 | D:1      | Reached XP level 4. HP: 15/33 MP: 6/6
  2780 | D:2      | Found a deep blue altar of Sif Muna.
  3140 | D:2      | Noticed Natasha
  3155 | D:2      | Killed Natasha
  3888 | D:2      | Noticed Sigmund
  3888 | D:2      | Sigmund changed into Sigmund the ooze
  3896 | D:2      | Killed Sigmund the ooze
  4123 | D:3      | Found a snail-covered altar of Cheibriados.
  4304 | D:3      | Found an opulent altar of Gozag.
  4327 | D:3      | Became a worshipper of Gozag Ym Sagoz the Greedy
  4556 | D:3      | Found a sacrificial altar of Ru.
  4557 | D:3      | Found a white marble altar of Elyvilon.
  4626 | D:4      | Reached XP level 5. HP: 18/38 MP: 7/7
  4869 | D:4      | Noticed a centaur
  4877 | D:4      | Killed a centaur
  5074 | D:4      | Noticed xeno23's ghost (average MfIE)
  5079 | D:5      | Entered Level 5 of the Dungeon
  5185 | D:4      | Killed xeno23's ghost
  5185 | D:4      | Reached skill level 4 in Evocations
  5185 | D:4      | Reached XP level 6. HP: 39/46 MP: 7/9
  5295 | D:4      | Found a radiant altar of Vehumet.
  5481 | D:4      | Found an iron altar of Okawaru.
  5934 | D:4      | Reached XP level 7. HP: 52/52 MP: 10/10
  6040 | D:4      | Found a bloodstained altar of Trog.
  6210 | D:4      | Found a staircase to the Ecumenical Temple.
  6441 | D:5      | Noticed Menkaure
  6443 | D:5      | Noticed an ice beast
  6457 | D:5      | Killed Menkaure
  6457 | D:5      | Killed themself with a badly aimed fireball

Action                   |  1- 3 |  4- 6 |  7- 9 || total
-------------------------+-------+-------+-------++-------
Melee: Short sword       |   121 |   179 |       ||   300
       Trident           |       |    40 |    69 ||   109
Evoke: Wand              |    12 |    20 |     6 ||    38
  Use: Scroll            |       |     1 |       ||     1
 Stab: Sleeping          |     1 |     3 |     1 ||     5
       Paralysed         |       |       |     8 ||     8
